 Dungeon Crawl Stone Soup version 0.29-a0-1016-g236c7fd91e (webtiles) character file.

Game seed: 11308832783662880141

1237 hquester1 the Trooper (level 8, 0/73 HPs)
             Began as a Minotaur Fighter on Aug 9, 2022.
             Slain by an iguana (6 damage)
             ... on level 5 of the Dungeon.
             The game lasted 00:08:50 (4187 turns).

hquester1 the Trooper (Minotaur Fighter)            Turns: 4187, Time: 00:08:51

Health: 0/73       AC: 10    Str: 23    XL:     8   Next: 24%
Magic:  7/7        EV:  9    Int:  5    God:
Gold:   201        SH: 10    Dex: 10    Spells: 7/7 levels left

rFire   . . .      SeeInvis .   a - +0 war axe
rCold   . . .      Faith    .   c - +0 buckler
rNeg    . . .      Spirit   .   v - +0 scale mail {Will+}
rPois   .          Reflect  +   (helmet restricted)
rElec   .          Harm     .   f - +0 cloak
rCorr   .          Rampage  .   (no gloves)
Will    ++...                   q - +0 pair of boots {Stlth+}
Stlth   +.........              r - amulet of reflection
HPRegen 0.22/turn               g - ring of willpower
MPRegen 0.10/turn               (no ring)

@: no status effects
A: horns 2, retaliatory headbutt
a: no special abilities


You were on level 5 of the Dungeon.
You visited 1 branch of the dungeon, and saw 5 of its levels.

You collected 201 gold pieces.

Inventory:

Hand Weapons
 a - a +0 war axe (weapon)
 y - a +2 flail
Armour
 c - a +0 buckler (worn)
 f - a +0 cloak (worn)
 q - a +0 pair of boots of stealth (worn)
 v - a +0 scale mail of willpower (worn)
Jewellery
 g - a ring of willpower (left hand)
 r - an amulet of reflection (around neck)
Wands
 b - a wand of paralysis (14)
 d - a wand of quicksilver (11)
Scrolls
 e - 2 scrolls of magic mapping
 i - a scroll of enchant weapon
 j - a scroll of amnesia
 m - a scroll of torment {unknown}
 n - a scroll of summoning {unknown}
 p - a scroll of poison {unknown}
 s - 2 scrolls of acquirement {unknown}
 t - 2 scrolls of noise {unknown}
 u - 2 scrolls of teleportation {unknown}
 w - a scroll of identify
 x - a scroll of enchant armour {unknown}
Potions
 h - a potion of ambrosia {unknown}
 k - 2 potions of attraction
 l - 2 potions of brilliance


   Skills:
 + Level 7.0 Fighting
 + Level 6.4 Axes
 + Level 6.9 Armour
 + Level 7.0 Shields


You had 7 spell levels left.
You didn't know any spells.
Your spell library contained the following spells:

 Spells                   Type           Power      Damage    Failure   Level
 Call Canine Familiar     Summ           0%         N/A       99%         3
 Portal Projectile        Hex/Tloc       0%         N/A       99%         3
 Tukima's Dance           Hex            0%         N/A       99%         3
 Leda's Liquefaction      Hex/Erth       0%         N/A       100%        4
 Blade Hands              Tmut           0%         N/A       100%        5


Dungeon Overview and Level Annotations

Branches:
Dungeon (5/15)
 Temple: D:4-7

Altars:
Fedhas
Kikubaaqudgha


Innate Abilities, Weirdness & Mutations

You have a pair of horns on your head.
You reflexively headbutt those who attack you in melee.


Message History

You hit the ogre.
The ogre is almost dead.
You hit the ogre.
You kill the ogre!
The iguana bites you.
* * * LOW HITPOINT WARNING * * *
Your Fighting skill increases to level 7!
Your Shields skill increases to level 7!
Unknown command.
You closely miss the iguana. You headbutt the iguana!
The iguana is heavily wounded.
You block the iguana's attack.
You closely miss the iguana.
The iguana is heavily wounded.
The iguana bites you.
* * * LOW HITPOINT WARNING * * *
You feel better. The iguana bites you.
* * * LOW HITPOINT WARNING * * *
You hit the iguana.
The iguana is heavily wounded.
The iguana barely misses you. You furiously retaliate!
You headbutt the iguana, but do no damage.
You hit the iguana but do no damage.
The iguana is heavily wounded.
The iguana barely misses you.
You hit the iguana but do no damage.
The iguana is heavily wounded.
The iguana misses you.
The iguana bites you but does no damage.
You barely miss the iguana.
The iguana is heavily wounded.
You block the iguana's attack.
You closely miss the iguana.
The iguana is heavily wounded.
The iguana barely misses you.
You barely miss the iguana.
You headbutt the iguana, but do no damage.
The iguana is heavily wounded.
The iguana bites you.
You die...

. .......##...# #.
#.####..##.### #.#
#.####..##.# ...
......###.# #.###.##.#
#)######## ........#
#))......#
#.#.##.#.##.###.)......#
#........##............#
...$.#.#nl@.####.......#
#.$ ...#.##....+.......+
. s.l#...##.####.......#
#.#.#.#.##.# #........
.. ....#..... .........
# ##.#.#.##.. ########.
....n..##..# #. #.##..#


You could see a necrophage and an iguana.

Vanquished Creatures
  Menkaure (D:4)
  A black bear (D:5)
  2 ogres (D:5)
  A scorpion (D:5)
  3 necrophages (D:5)
  A wight (D:5)
  An orc priest (D:4)
  2 jellies
  A human zombie (D:5)
  Natasha (thrice) (D:2)
  2 orc wizards
  3 killer bee zombies (D:5)
  Robin (D:4)
  A howler monkey zombie (D:5)
  3 mummies (D:5)
  3 gnolls (D:3)
  7 adders
  4 worms
  A dart slug (D:3)
  15 orcs
  6 ball pythons
  5 endoplasms
  3 giant cockroaches
  18 goblins
  5 hobgoblins
  3 jackals (D:1)
  3 quokkas
  3 bats
  4 frilled lizards
  7 kobolds
  2 rats (D:3)
115 creatures vanquished.

Notes
Turn   | Place    | Note
-------+----------+-------------------------------------------
     0 | D:1      | hquester1 the Minotaur Fighter began the quest for the Orb.
     0 | D:1      | Reached XP level 1. HP: 19/19 MP: 0/0
    88 | D:1      | Reached XP level 2. HP: 25/27 MP: 1/1
   169 | D:1      | Found a faded altar of an unknown god.
   705 | D:2      | Noticed Natasha
   714 | D:2      | Killed Natasha
   715 | D:2      | Reached XP level 3. HP: 20/33 MP: 2/2
  1027 | D:2      | Noticed Natasha
  1036 | D:2      | Killed Natasha
  1037 | D:2      | Reached XP level 4. HP: 22/41 MP: 3/3
  1187 | D:2      | Noticed Natasha
  1196 | D:2      | Killed Natasha
  1671 | D:2      | Reached XP level 5. HP: 47/47 MP: 4/4
  2292 | D:3      | Reached skill level 5 in Shields
  2468 | D:4      | Reached skill level 5 in Fighting
  2468 | D:4      | Reached skill level 5 in Armour
  2549 | D:4      | Noticed Robin
  2559 | D:4      | Killed Robin
  2560 | D:4      | Reached XP level 6. HP: 54/56 MP: 5/5
  2813 | D:4      | Found a blossoming altar of Fedhas.
  3227 | D:4      | Noticed Menkaure
  3246 | D:4      | Killed Menkaure
  3619 | D:5      | Entered Level 5 of the Dungeon
  3797 | D:5      | Reached skill level 5 in Axes
  3797 | D:5      | Reached XP level 7. HP: 56/62 MP: 6/6
  3883 | D:5      | Found an ancient bone altar of Kikubaaqudgha.
  4157 | D:5      | Reached XP level 8. HP: 48/71 MP: 7/7
  4161 | D:5      | HP: 1/71 [ogre/+0 giant club (10)]
  4180 | D:5      | HP: 3/73 [iguana (2)]
  4187 | D:5      | Slain by an iguana

Illustrated notes

Levels and vault maps discovered:
D:1:      dpeg_arrival_line_fractal, layout_basic,
          hellmonk_ecumenical_altar_arch_garden, fountainhead
D:2:      layout_basic, uniq_natasha
D:3:      layout_rooms, minmay_distorted
D:4:      layout_loops_corners, fedhas_altar_2, kennysheep_boxes, uniq_robin,
          uniq_menkaure
D:5:      layout_basic, lemuel_mausoleum_altar_kikubaaqudgha,
          minmay_diced_spiral

Skill      XL: |  1  2  3  4  5  6  7  8 |
---------------+-------------------------+-----
Armour         | 4 5 6 |  6.9
Fighting       | 4 5 6 7 |  7.0
Shields        | 4 5 6 7 |  7.0
Axes           | 3 4 5 6 |  6.4

Action                   |  1- 3 |  4- 6 |  7- 9 || total
-------------------------+-------+-------+-------++-------
Melee: War axe           |    59 |   135 |    99 ||   293
       Headbutt          |     7 |     9 |    20 ||    36
  Use: Scroll            |       |     6 |       ||     6
       Potion            |       |     1 |     2 ||     3
Armor: Scale mail        |    18 |    57 |    34 ||   109
Dodge: Dodged            |    31 |    55 |    51 ||   137
Block: Buckler           |     9 |    62 |    41 ||   112
       Reflection        |       |     1 |     1 ||     2

Table legend: (Time is in decaauts)
 A = Elapsed time spent in this place.
 B = Non-inter-level travel time spent in this place.
 C = Inter-level travel time spent in this place.
 D = Time resting spent in this place.
 E = Time spent auto-exploring this place.
 F = Levels seen in this place.
 G = Mean time per level.
                   A        B        C        D        E       F      G
               +--------+--------+--------+--------+--------+-----+--------+
         Total |   4282 |   4167 |    115 |      0 |   3261 |   5 |  856.4 |
       Dungeon |   4282 |   4167 |    115 |      0 |   3261 |   5 |  856.4 |
               +--------+--------+--------+--------+--------+-----+--------+

Top non-repeatable levels by time:
     D:4: 1212 daAuts
     D:2: 1114 daAuts
     D:1: 697 daAuts
     D:3: 662 daAuts
     D:5: 595 daAuts
